 Dungeon Crawl Stone Soup version 0.21-a0-142-gdd972a7 (webtiles) character file.

113974 sscrono2 the Peltast (level 16, -3/108 HPs)
             Began as an Octopode Assassin on July 21, 2017.
             Was a High Priest of Ru.
             Slain by an orc warrior
             ... wielding a +0 short sword
              (12 damage)
             ... on level 1 of the Orcish Mines.
             The game lasted 01:33:52 (36789 turns).

sscrono2 the Peltast (Octopode Assassin)           Turns: 36789, Time: 01:33:55

Health: -3/108     AC:  5    Str: 19    XL:     16   Next: 64%
Magic:  2/31       EV: 20    Int: 23    God:    Ru [*****.]
Gold:   1208       SH: 16    Dex: 18    Spells: 1/23 levels left

rFire    + + .     SeeInvis .   b - +9 double sword (elec)
rCold    + . .     Gourm    .   O - +2 shield of Resistance {rF+ rC+ MR+}
rNeg     . . .     Faith    +   J - +1 hat
rPois    +         Spirit   .   x - amulet of faith
rElec    .         Reflect  .   S - ring "Xugu" {Wiz rPois MR+}
rCorr    .         Harm     .   Q - ring of Hovoshri {rPois rF+ Dex+4 Slay+5}
MR       +++..     Clarity  +   P - ring of Attitude {Fire MR+ Int+4}
Stlth    ++++++....             R - +3 ring of protection
HPRegen  0.28/turn              u - +3 ring of strength
MPRegen  0.22/turn              k - +2 ring of intelligence
                                F - ring "Synucwau" {Wiz Int+5}
                                B - ring of the Yeti {Ice MP+9}

@: no potions, drained
A: almost no armour, stealthy swim, amphibious, 8 rings, constrict 8, camouflage
1, blink, clarity, dopey 1, gelatinous body 1, inability to drink while
threatened, inability to use devices, magic vulnerability 1
a: Blink, Draw Out Power, Power Leap, Apocalypse, Renounce Religion


You were on level 1 of the Orcish Mines.
You worshipped Ru.
Ru was extremely pleased with you.
You were not hungry.

You visited 4 branches of the dungeon, and saw 24 of its levels.
You also visited: Sewer and Ossuary.

You collected 2785 gold pieces.
You spent 1577 gold pieces at shops.

Inventory:

Hand Weapons
 a - a +5 dagger of electrocution
 b - a +9 double sword of electrocution (weapon)
 d - a +0 scimitar of flaming
 C - a +0 blowgun
Missiles
 c - 70 poisoned needles
Armour
 J - a +1 hat (worn)
 O - the +2 shield of Resistance (worn) {rF+ rC+ MR+}
   (You bought it in a shop on level 15 of the Dungeon)

   It protects you from fire.
   It protects you from cold.
   It affects your resistance to hostile enchantments.
Magical Staves
 t - an uncursed staff of summoning
Jewellery
 g - the amulet "Goall" {RegenMP +Fly rN+ Slay+2 Stlth+}
   (You took it off a vault guard on level 13 of the Dungeon)

   [amulet of magic regeneration]

   It increases your magic regeneration.
   It affects your accuracy and damage with ranged weapons and melee attacks
   (+2).
   It protects you from negative energy.
   It lets you fly.
   It makes you more stealthy.
 k - a +2 ring of intelligence (on tentacle)
 u - a +3 ring of strength (on tentacle)
 x - an amulet of faith (around mantle)
 B - the ring of the Yeti (on tentacle) {Ice MP+9}
   (You found it on level 13 of the Dungeon)

   [ring of ice]

   It enhances your ice magic.
   It makes you vulnerable to fire.
   It protects you from cold.
   It affects your magic capacity (+9).
 F - the ring "Synucwau" (on tentacle) {Wiz Int+5}
   (You found it on level 15 of the Dungeon)

   [ring of wizardry]

   It improves your spell success rate.
   It affects your intelligence (+5).
 L - an uncursed ring of resist corrosion
 P - the ring of Attitude (on tentacle) {Fire MR+ Int+4}
   (You found it on level 15 of the Dungeon)

   [ring of fire]

   It enhances your fire magic.
   It affects your intelligence (+4).
   It protects you from fire.
   It makes you vulnerable to cold.
   It affects your resistance to hostile enchantments.
 Q - the ring of Hovoshri (right tentacle) {rPois rF+ Dex+4 Slay+5}
   (You took it off a tengu warrior on level 15 of the Dungeon)

   [ring of slaying]

   It affects your dexterity (+4).
   It affects your accuracy and damage with ranged weapons and melee attacks
   (+5).
   It protects you from fire.
   It protects you from poison.
 R - a +3 ring of protection (on tentacle)
 S - the ring "Xugu" (left tentacle) {Wiz rPois MR+}
   (You bought it in a shop on level 15 of the Dungeon)

   [ring of wizardry]

   It improves your spell success rate.
   It protects you from poison.
   It affects your resistance to hostile enchantments.
Scrolls
 e - 6 scrolls of magic mapping
 l - 3 scrolls of identify
 p - 3 scrolls of enchant armour
 q - 3 scrolls of amnesia
 s - 9 scrolls of remove curse
 v - 4 scrolls of enchant weapon
 z - a scroll of vulnerability
 D - a scroll of fog
 N - a scroll of immolation
Potions
 m - 4 potions of curing
 A - 6 potions of flight
 H - a potion of mutation
Comestibles
 f - 5 bread rations
 i - 16 fruits
 j - 20 royal jellies
 I - 5 meat rations


   Skills:
 + Level 9.5(8.9) Fighting
 - Level 8.0(9.5) Short Blades
 + Level 9.9(10.4) Long Blades
 - Level 8.0(7.4) Throwing
 + Level 9.3(8.7) Dodging
 + Level 13.2(12.6) Stealth
 + Level 15.0(14.4) Shields
 + Level 4.0(3.5) Spellcasting
 * Level 6.1(5.6) Hexes
 * Level 4.7(4.2) Charms
 * Level 6.2(5.7) Summonings
 * Level 6.8(6.3) Translocations
 * Level 4.8(4.3) Ice Magic


You had one spell level left.
You knew the following spells:

 Your Spells              Type           Power        Failure   Level  Hunger
a - Summon Mana Viper     Hex/Summ       ####....     9%          5    ######.
b - Blink                 Tloc           N/A          1%          2    #......
c - Summon Butterflies    Summ           ####....     1%          1    None
d - Summon Hydra          Summ           ####......   90%         7    #######
e - Ozocubu's Armour      Chrm/Ice       #####...     1%          3    ###....
f - Summon Ice Beast      Ice/Summ       #####...     4%          4    ####...


Dungeon Overview and Level Annotations

Branches:
Dungeon (15/15)            Temple (1/1) D:6            Lair (6/6) D:8
  Swamp (0/4) Lair:3       Spider (0/4) Lair:4        Slime (0/5) Lair:6
    Orc (2/2) D:9             Elf (0/3) Orc:2        Vaults (0/5) D:13
 Depths (0/5) D:15

Altars:
Dithmenos
Elyvilon
Fedhas
Kikubaaqudgha
Nemelex Xobeh
Okawaru
Qazlal
Ru
Sif Muna
Uskayaw
Vehumet
Xom
Yredelemnul
The Shining One
Beogh

Shops:
D:6 (   D:13 ([%   D:14 %   D:15 =}[   Orc:2 :[(

Annotations:
Orc:1 Harold


Innate Abilities, Weirdness & Mutations

You cannot wear most types of armour.
You are very stealthy in the water. (Stealth+)
You are amphibious.
You can wear up to eight rings at the same time.
You can use your tentacles to constrict eight enemies at once.
Your skin changes colour to match your surroundings (Stealth+).
You are dopey. (Int -2)
Your rubbery body absorbs attacks. (AC +1, EV +1)
You cannot drink potions while threatened.
You cannot study or use magical devices.
You are slightly vulnerable to magic. (MR-)
You can translocate small distances at will.
You possess an exceptional clarity of mind.


Message History

Okay, then.
You feel less exhausted.
An orc warrior comes into view. It is wielding a short sword.
The orc shouts!
The orc warrior shouts!
You hear a shout!
The warg howls!
You are starving!
You block the orc's attack.
All of the chunks of flesh in your inventory have rotted away.
You cannot drink potions in your current state!
Unknown command.
You eat one of the 6 bread rations.
That bread ration really hit the spot!
Casting: Blink
Confirm with . or Enter, or press ? or * to list all spells.
You blink.
You block the orc's attack.
Casting: Blink
Confirm with . or Enter, or press ? or * to list all spells.
You blink.
The orc priest shouts!
You block the orc's attack.
The orc warrior hits you with a short sword!
You die...

### ##.#
#..###
###..#ยง#
#...@.###
#...ooo.###
#...h.....#
#...##....#
.......#....##
.....####..o.#
..... #.....#
..... .......#
... .....#.##


You could see a warg, an orc warrior, an orc priest and 2 orcs.

Vanquished Creatures
  Frances (D:14)
  Kirke (D:15)
  A tengu reaver (D:15)
  2 frost giants (D:15)
  2 orc warlords
  Nessos (Lair:6)
  Azrael (D:14)
  An ettin (D:15)
  Snorg (D:10)
  Josephine (D:10)
  An ogre mage (D:15)
  5 vault guards
  2 great orbs of eyes (D:15)
  7 centaur warriors
  5 hydras
  2 deep troll shamans
  A catoblepas (Lair:6)
  A death knight (D:15)
  4 death yaks (Lair:6)
  6 tengu warriors
  8 two-headed ogres
  Urug (D:11)
  An orc high priest (Orc:2)
  7 skeletal warriors (D:15)
  3 unseen horrors
  6 orc knights
  A harpy (D:15)
  3 deep elf magi
  4 cyclopes
  3 ugly things (D:15)
  An orc sorcerer (Orc:2)
  A manticore (D:13)
  11 elephants
  6 black mambas
  An ice statue (D:13)
  6 centaur zombies
  Psyche (D:10)
  2 gargoyles
  8 spiny frogs
  A kobold demonologist (D:15)
  A yaktaur (D:15)
  2 rime drakes
  2 tengu conjurers
  5 ice devils (D:13)
  5 komodo dragons
  A harpy zombie (D:14)
  The ghost of mythresam the Ruffian, an amateur DrTm (D:3)
  10 trolls
  3 hornets
  9 hippogriffs
  2 slime creatures (D:15)
  17 blink frogs
  12 dream sheep
  A centaur simulacrum (D:15)
  Sigmund (D:6)
  2 shadows
  A redback (shapeshifter) (D:15)
  3 wyverns
  6 wraiths
  7 hogs
  A human (D:7)
  A vampire (D:14)
  33 yaks
  4 basilisks
  3 fire elementals (D:14)
  12 vampire mosquitoes
  A steam dragon (D:14)
  6 hungry ghosts
  5 wargs (Orc:2)
  A swamp worm (shapeshifter) (D:15)
  13 water moccasins
  2 hell hounds (D:14)
  3 acid dragons
  2 floating eyes (D:15)
  7 porcupines
  Duvessa (D:6)
  A swamp drake (Lair:3)
  39 orc warriors
  5 ice beasts
  6 sky beasts
  2 black bears (Lair:6)
  4 phantoms
  6 necrophages
  A hornet zombie (D:10)
  2 eyes of draining
  18 wolves
  14 ogres
  14 centaurs
  13 crocodiles
  2 big kobolds
  A gnoll sergeant (D:8)
  An elf zombie (Ossuary)
  17 bullfrogs
  Dowan (D:6)
  A wyvern skeleton (D:13)
  2 elf skeletons (D:14)
  4 scorpions
  A water moccasin zombie (D:9)
  22 wights
  3 howler monkeys
  6 electric eels
  11 crimson imps
  4 human zombies
  2 quasits
  3 bullfrog skeletons
  8 hounds
  17 jellies
  21 orc priests
  8 centaur skeletons
  36 orc wizards
  A human skeleton (D:14)
  7 iguanas
  15 worker ants
  2 big kobold zombies (Ossuary)
  6 mummies
  A hound zombie (D:10)
  An ogre skeleton (D:14)
  2 hound skeletons (D:5)
  18 adders
  3 gnolls (D:8)
  A river rat (D:5)
  3 shadow imps
  5 ufetubi (D:13)
  2 adder zombies (Ossuary)
  2 adder skeletons
  5 worms
  A dart slug (D:1)
  3 leopard geckos
  142 orcs
  9 giant cockroaches
  A gnoll zombie (Ossuary)
  13 goblins
  5 hobgoblins
  7 jackals
  6 quokkas
  5 ball pythons
  8 bats
  13 frilled lizards
  2 goblin zombies (Ossuary)
  A jackal zombie (D:8)
  17 kobolds
  A leopard gecko zombie (D:5)
  3 orc zombies
  8 rats
  A rat zombie (Ossuary)
  A fungus (Lair:6)
924 creatures vanquished.

Vanquished Creatures (collateral kills)
  A komodo dragon (Lair:6)
  A troll (Orc:1)
  An ogre (Orc:1)
3 creatures vanquished.

Vanquished Creatures (others)
  A hydra (D:14)
  A centaur warrior (D:14)
  A death yak (Lair:6)
  A lindwurm (Lair:6)
  A freezing wraith (D:10)
  An orc warrior (Orc:2)
  2 ufetubi (D:13)
  A kobold (D:8)
  A bush (D:14)
  14 fungi
  5 plants
29 creatures vanquished.

Grand Total: 956 creatures vanquished

Notes
Turn   | Place    | Note
-------+----------+-------------------------------------------
     0 | D:1      | sscrono2 the Octopode Assassin began the quest for the Orb.
     0 | D:1      | Reached XP level 1. HP: 14/14 MP: 1/1
   151 | D:1      | Reached XP level 2. HP: 19/19 MP: 2/2
   999 | D:2      | Reached XP level 3. HP: 13/24 MP: 3/3
  1319 | D:2      | Reached skill level 1 in Shields
  1381 | D:2      | Reached XP level 4. HP: 19/29 MP: 4/4
  2144 | D:3      | Noticed a hand axe
  2145 | D:3      | Noticed a dagger
  2145 | D:3      | Found a hide-covered altar of Uskayaw.
  2156 | D:3      | Noticed mythresam's ghost (amateur DrTm)
  2177 | D:3      | Killed mythresam's ghost
  2177 | D:3      | Reached skill level 2 in Shields
  2177 | D:3      | Reached XP level 5. HP: 20/34 MP: 5/5
  2177 | D:3      | Reached XP level 6. HP: 23/39 MP: 6/6
  2486 | D:3      | Found a shimmering altar of Xom.
  2574 | D:3      | Reached skill level 5 in Short Blades
  2774 | D:4      | Reached XP level 7. HP: 18/45 MP: 7/7
  3338 | D:4      | Reached skill level 5 in Throwing
  3467 | D:4      | Found a basalt altar of Yredelemnul.
  3489 | D:4      | Found a shadowy altar of Dithmenos.
  3582 | D:4      | Found a shadowy altar of Dithmenos.
  3582 | D:4      | Found a radiant altar of Vehumet.
  3587 | D:4      | Found a stormy altar of Qazlal.
  3589 | D:4      | Found a faded altar of an unknown god.
  3591 | D:4      | Found a faded altar of an unknown god.
  3629 | D:5      | Entered Level 5 of the Dungeon
  3774 | D:5      | Found a glowing drain.
  3805 | Sewer    | Entered a sewer
  4007 | Sewer    | Reached skill level 3 in Shields
  4209 | D:5      | Found a sparkling altar of Nemelex Xobeh.
  4251 | D:5      | Reached XP level 8. HP: 25/50 MP: 8/8
  4579 | D:5      | Found a sparkling altar of Nemelex Xobeh.
  4808 | D:5      | HP: 1/50 [phantom (10)]
  5145 | D:5      | Reached skill level 4 in Shields
  5822 | D:6      | Reached XP level 9. HP: 54/54 MP: 9/9
  5834 | D:6      | Noticed Duvessa
  5836 | D:6      | Noticed Dowan
  5842 | D:6      | Killed Duvessa
  5846 | D:6      | Killed Dowan
  5913 | D:6      | Found Aryeve's Weapon Emporium.
  6106 | D:6      | Found a staircase to the Ecumenical Temple.
  6313 | D:6      | Reached skill level 5 in Shields
  6322 | D:6      | Noticed Sigmund
  6348 | D:6      | Killed Sigmund
  6379 | D:6      | Found an iron altar of Okawaru.
  6504 | D:6      | Found a sand-covered staircase.
  6509 | Ossuary  | Entered an ossuary
  6798 | Temple   | Entered the Ecumenical Temple
  6819 | Temple   | Became a worshipper of Ru the Awakened
  7347 | D:7      | Reached skill level 6 in Shields
  7680 | D:7      | Reached XP level 10. HP: 34/63 MP: 10/10
  8036 | D:7      | Reached skill level 7 in Shields
  8155 | D:7      | Gained mutation: You can translocate small distances at will. [mutagenic meat]
  8297 | D:8      | Gained mutation: You cannot drink potions while threatened. [Ru sacrifice]
  8297 | D:8      | Reached * piety under Ru
  8613 | D:8      | Noticed a two-headed ogre
  8678 | D:8      | Killed a two-headed ogre
  8881 | D:8      | Reached skill level 5 in Fighting
  8897 | D:8      | Noticed a two-headed ogre
  8904 | D:8      | Killed a two-headed ogre
  8904 | D:8      | Reached skill level 8 in Shields
  9072 | D:8      | Found a staircase to the Lair.
  9131 | D:8      | Reached skill level 5 in Dodging
  9324 | D:8      | Reached XP level 11. HP: 72/72 MP: 11/11
  9736 | D:9      | Noticed a two-headed ogre
  9741 | D:9      | Killed a two-headed ogre
  9768 | D:9      | Reached skill level 9 in Shields
  9927 | D:9      | Found a staircase to the Orcish Mines.
 10364 | D:10     | Entered Level 10 of the Dungeon
 10382 | D:10     | Noticed Snorg
 10804 | D:10     | Noticed a two-headed ogre
 10813 | D:10     | Killed a two-headed ogre
 10829 | D:10     | Gained mutation: You cannot study or use magical devices. [Ru sacrifice]
 10829 | D:10     | Reached ** piety under Ru
 10829 | D:10     | Reached *** piety under Ru
 10895 | D:10     | Killed Snorg
 11145 | D:10     | Noticed Josephine
 11150 | D:10     | Killed Josephine
 11150 | D:10     | Reached skill level 10 in Stealth
 11267 | D:10     | Reached skill level 10 in Shields
 11289 | D:10     | Noticed Psyche
 11294 | D:10     | Killed Psyche
 12267 | D:10     | Found a roughly hewn altar of Beogh.
 12279 | D:10     | Reached XP level 12. HP: 57/81 MP: 12/12
 13642 | D:11     | Noticed Urug
 13650 | D:11     | Killed Urug
 13893 | D:11     | Reached skill level 1 in Long Blades
 15215 | D:11     | Reached skill level 11 in Shields
 15395 | D:11     | Gained mutation: You are slightly vulnerable to magic. (MR-) [Ru sacrifice]
 15395 | D:11     | Reached **** piety under Ru
 15395 | D:11     | Reached ***** piety under Ru
 15905 | D:12     | Noticed a two-headed ogre
 15921 | D:12     | Killed a two-headed ogre
 16330 | D:12     | Noticed a two-headed ogre
 16334 | D:12     | Killed a two-headed ogre
 16408 | D:12     | Noticed a centaur warrior
 16468 | D:12     | Killed a centaur warrior
 16800 | D:12     | Learned a level 5 spell: Summon Mana Viper
 16803 | D:12     | Learned a level 2 spell: Blink
 16805 | D:12     | Learned a level 1 spell: Summon Butterflies
 17044 | D:12     | Reached XP level 13. HP: 77/88 MP: 13/13
 17181 | D:13     | Found Ummewev's Food Shoppe.
 17185 | D:13     | Reached skill level 1 in Translocations
 17217 | D:13     | Reached skill level 1 in Summonings
 17222 | D:13     | Got a glittering bronze ring
 17228 | D:13     | Identified the ring of the Yeti {Ice MP+9} (You found it on level 13 of the Dungeon)
 17237 | D:13     | Reached skill level 1 in Hexes
 17284 | D:13     | Found Jiskuoc's Weapon Shoppe.
 17511 | D:13     | Reached skill level 5 in Long Blades
 17526 | D:13     | Reached skill level 1 in Spellcasting
 17979 | D:13     | Found Xeinob's Antique Armour Shoppe.
 18043 | D:13     | Noticed a vault guard
 18150 | D:13     | Killed a vault guard
 18309 | D:13     | Got a brightly glowing garnet amulet
 18310 | D:13     | Identified the amulet "Goall" {RegenMP +Fly rN+ Slay+2 Stlth+} (You took it off a vault guard on level 13 of the Dungeon)
 18540 | D:13     | Found a gate to the Vaults.
 18774 | Lair:1   | Entered Level 1 of the Lair of Beasts
 20206 | Lair:2   | Reached skill level 12 in Shields
 20825 | Lair:3   | Found a staircase to the Swamp.
 21926 | Lair:3   | Got a coiled tin ring
 21927 | Lair:3   | Identified the ring "Ilydas" {rN+ Stlth+} (You found it on level 3 of the Lair of Beasts)
 21928 | Lair:3   | Identified a scroll of acquirement
 22274 | Lair:3   | Reached XP level 14. HP: 95/95 MP: 17/17
 23003 | Lair:4   | Found a hole to the Spider Nest.
 23277 | Lair:4   | Learned a level 7 spell: Summon Hydra
 23290 | Lair:4   | Learned a level 3 spell: Ozocubu's Armour
 23610 | Lair:4   | Reached skill level 1 in Charms
 23971 | Lair:4   | Reached skill level 1 in Ice Magic
 24787 | Lair:5   | Identified the +2 rapier "Yteissap" {drain, MP+9 Int+4 Stlth+} (You found it on level 5 of the Lair of Beasts)
 25544 | Lair:6   | Entered Level 6 of the Lair of Beasts
 25667 | Lair:6   | Found a staircase to the Slime Pits.
 25838 | Lair:6   | Noticed Nessos
 25884 | Lair:6   | Killed Nessos
 26388 | Lair:6   | Reached skill level 5 in Translocations
 28823 | Lair:6   | Gained mutation: You are dopey. (Int -2) [Ru sacrifice]
 29023 | Lair:5   | Reached skill level 5 in Summonings
 29294 | Orc:1    | Entered Level 1 of the Orcish Mines
 29765 | D:14     | Reached skill level 5 in Hexes
 29766 | D:14     | Reached XP level 15. HP: 101/101 MP: 20/20
 30256 | D:14     | Found an ancient bone altar of Kikubaaqudgha.
 30916 | D:14     | Noticed Frances
 30923 | D:14     | Killed Frances
 30980 | D:14     | Found Sush's Food Shop.
 31062 | D:14     | Noticed Azrael
 31404 | D:14     | Killed Azrael
 32013 | D:15     | Entered Level 15 of the Dungeon
 32027 | D:15     | Gained mutation: You possess an exceptional clarity of mind. [mutagenic meat]
 32042 | D:15     | Found Qybity's Armour Shop.
 32056 | D:15     | Bought the +2 shield of Resistance {rF+ rC+ MR+} for 493 gold pieces
 32080 | D:15     | Reached skill level 13 in Shields
 32087 | D:15     | Found a staircase to the Depths.
 32088 | D:15     | Noticed a frost giant
 32091 | D:15     | Killed a frost giant
 32341 | D:15     | Got a fine iron ring
 32342 | D:15     | Identified the ring "Synucwau" {Wiz Int+5} (You found it on level 15 of the Dungeon)
 32354 | D:15     | Noticed a tengu reaver
 32357 | D:15     | Killed a tengu reaver
 32563 | D:15     | Found Wufrannu's Gadget Boutique.
 32639 | D:15     | Got a fine iron ring
 32642 | D:15     | Identified the ring of Attitude {Fire MR+ Int+4} (You found it on level 15 of the Dungeon)
 32841 | D:15     | Reached skill level 14 in Shields
 33378 | D:15     | Reached XP level 16. HP: 85/108 MP: 21/21
 33506 | D:15     | Got a scintillating jade ring
 33873 | D:15     | Identified the ring of Hovoshri {rPois rF+ Dex+4 Slay+5} (You took it off a tengu warrior on level 15 of the Dungeon)
 34394 | D:15     | Paralysed by a floating eye for 2 turns
 34550 | D:15     | Learned a level 4 spell: Summon Ice Beast
 34574 | D:15     | Found Barghah's Jewellery Shoppe.
 34582 | D:15     | Bought a +3 ring of protection for 336 gold pieces
 34582 | D:15     | Bought the ring "Xugu" {Wiz rPois MR+} for 748 gold pieces
 34612 | D:15     | Noticed Kirke
 34813 | D:15     | Reached skill level 15 in Shields
 34838 | D:15     | Killed Kirke
 35641 | Orc:2    | Entered Level 2 of the Orcish Mines
 35715 | Orc:2    | Found a roughly hewn altar of Beogh.
 35792 | Orc:2    | Found a roughly hewn altar of Beogh.
 35793 | Orc:2    | Found Heh Weurio's Book Emporium.
 36316 | Orc:2    | Found Ededanun's Antique Weapon Boutique.
 36316 | Orc:2    | Found a roughly hewn altar of Beogh.
 36322 | Orc:2    | Found Tegus's Antique Armour Shop.
 36435 | Orc:2    | Found a staircase to the Elven Halls.
 36481 | Orc:2    | Found a roughly hewn altar of Beogh.
 36597 | Orc:2    | Found a roughly hewn altar of Beogh.
 36757 | Orc:1    | Found a roughly hewn altar of Beogh.
 36779 | Orc:1    | Noticed Harold
 36789 | Orc:1    | Slain by an orc warrior

Vault maps used:
D:1:      sevenhm_arrival_forest_fort_large_4, nrook_loot_triangle, hex_tiny
D:2:      first_bread
D:3:      dancing_weapons_uskayaw, st_stairs_6, led_xom_imps
D:4:      lemuel_doored_altar, chequers_temple_overflow_minitemple,
          st_stairs_11, grunt_dithmenos_smoke_and_mirrors
D:5:      nemelex_xobeh_ov_fountains_minmay, portal_sewer_entry_a,
          nemelex_lonely_heart_becter
D:6:      lemuel_coloured_pillars_altar, minmay_temple_entry_poolview,
          enter_ossuary_2, serial_shops, kennysheep_mini_moat,
          minmay_ogre_servants, uniq_sigmund, uniq_duvessa
D:7:      grunt_livestock, minmay_a_box_with_orc_wizards_in_it
D:8:      minmay_goldmine, dpeg_oklobed_lair
D:9:      orc_0_dummy
D:10:     special_room, uniq_josephine, uniq_psyche, uniq_snorg
D:11:     uniq_urug
D:12:     minmay_variable_closet
D:13:     cheibrodos_frozen_isle, david_vaults_5, serial_shops, kennysheep_mini,
          nicolae_shop_behind_doors, shop
D:14:     serial_shops, shop, hex_intersection, serial_park_tiny_1,
          lemuel_mausoleum_altar_kikubaaqudgha, uniq_azrael, uniq_frances
D:15:     hangedman_spin_cycle
Temple:   eino_wide_crystal_templ
Lair:1:   st_stairs_10, grunt_forest_large_clearing_hut
Lair:2:   wad_woods_04
Lair:3:   minmay_guarded_unrand_snakebite, minmay_swamp_entry_reptiles
Lair:4:   spider_nest_entry_a, grunt_megastairs_3
Lair:5:   serial_bayou_shore_a
Lair:6:   grunt_lair_end_beastmaster, minmay_slime_entry_jelly_boxes,
          hibernation_bobbens, lemuel_fruit_tree, uniq_nessos
Orc:1:    basic_altar, uniq_harold
Orc:2:    grunt_orc_community_town_hall, grunt_orc_community_big_house_2,
          grunt_orc_community_big_house_1, grunt_orc_community_house_1,
          grunt_orc_community_house_2, grunt_orc_community_house_3,
          grunt_orc_community_house_1, basic_altar
Sewer:    sewer_frog_island_01
Ossuary:  ossuary_minmay_tomb_2a

Skill      XL: |  1  2  3  4  5  6  7  8  9 10 11 12 13 14 15 16 |
---------------+-------------------------------------------------+-----
Short Blades   | 3 4 5 6 7 8 |  8.0
Shields        | 1 2 3 4 6 8 10 11 12 14 15 | 15.0
Throwing       | 3 4 5 7 8 |  8.0
Stealth        | 6 8 10 11 12 13 | 13.2
Fighting       | 3 5 7 8 9 |  9.5
Dodging        | 3 5 6 7 8 9 |  9.3
Long Blades    | 4 6 7 9 |  9.9
Translocations | 4 5 6 |  6.8
Summonings     | 3 5 6 |  6.2
Hexes          | 3 5 6 |  6.1
Spellcasting   | 2 3 4 |  4.0
Charms         | 3 4 |  4.7
Ice Magic      | 2 4 |  4.8

Action                   |  1- 3 |  4- 6 |  7- 9 | 10-12 | 13-15 | 16-18 || total
-------------------------+-------+-------+-------+-------+-------+-------++-------
Melee: Dagger            |    74 |    78 |   386 |   650 |   325 |     7 ||  1520
       Constrict         |    19 |    13 |    60 |    86 |   103 |    57 ||   338
       Tentacles         |    12 |    10 |    82 |   138 |   218 |    61 ||   521
       Double sword      |       |       |       |       |   544 |   268 ||   812
       Scimitar          |       |       |       |       |    12 |     2 ||    14
 Fire: Blowgun           |       |       |    31 |    30 |    48 |    11 ||   120
Throw: Throwing net      |       |       |       |     3 |       |       ||     3
 Cast: Blink             |       |       |       |       |     2 |     6 ||     8
       Summon Mana Viper |       |       |       |       |     4 |     4 ||     8
       Summon Butterflie |       |       |       |       |     3 |       ||     3
       Ozocubu's Armour  |       |       |       |       |       |     1 ||     1
Invok: Sacrifice Drink   |       |       |       |     1 |       |       ||     1
       Sacrifice Artific |       |       |       |     1 |       |       ||     1
       Power Leap        |       |       |       |     2 |     5 |     1 ||     8
       Sacrifice Essence |       |       |       |     1 |       |       ||     1
       Reject Sacrifices |       |       |       |       |     1 |     1 ||     2
       Apocalypse        |       |       |       |       |     2 |     2 ||     4
       Sacrifice Purity  |       |       |       |       |     1 |       ||     1
 Abil: Evoke Berserk Rag |       |       |     2 |       |       |       ||     2
Evoke: Wand              |       |       |     2 |    17 |       |       ||    19
  Use: Scroll            |       |     4 |     4 |    17 |    30 |     4 ||    59
       Potion            |       |     1 |     5 |    14 |    26 |     4 ||    50
 Stab: Sleeping          |     2 |    16 |    19 |    45 |    64 |     6 ||   152
       Distracted        |       |       |     1 |     3 |    11 |     1 ||    16
       Invisible         |       |       |       |     3 |    20 |    16 ||    39
       Confused          |       |       |       |     2 |     4 |       ||     6
       Held in net/web   |       |       |       |     1 |       |       ||     1
       Paralysed         |       |       |       |       |     4 |     4 ||     8
       Petrified         |       |       |       |       |     2 |       ||     2
  Eat: Chunk             |     1 |     5 |    13 |    20 |    27 |     6 ||    72
       Bread ration      |       |       |     1 |     3 |     6 |     2 ||    12
Armor: Skin              |     4 |     4 |    56 |    14 |    41 |     9 ||   128
Dodge: Dodged            |    37 |    25 |   131 |   223 |   434 |    76 ||   926
Block: Buckler           |     5 |     7 |    57 |   113 |   157 |       ||   339
       Shield            |       |       |       |       |    68 |   184 ||   252
       Rpst.: Double sword |       |       |       |       |    91 |    15 ||   106
       Scimitar          |       |       |       |       |     2 |       ||     2
